 Dungeon Crawl Stone Soup version 0.23.2-1-ga50397a (webtiles) character file.

Game seed: 14989144290270461903

1512 Borgoz the Cleaver (level 8, -2/70 HPs)
             Began as a Minotaur Gladiator on May 15, 2019.
             Slain by an orc
             ... wielding a +0 club
              (6 damage)
             ... on level 6 of the Dungeon.
             The game lasted 00:10:35 (5203 turns).

Borgoz the Cleaver (Minotaur Gladiator)             Turns: 5203, Time: 00:10:35

Health: -2/70      AC: 10    Str: 19      XL:     8   Next: 53%
Magic:  7/7        EV: 12    Int:  5      God:
Gold:   230        SH:  0    Dex: 11 (14) Spells: 7/7 levels left

rFire    . . .     SeeInvis .   p - -2 short sword (curse)
rCold    . . .     Gourm    .   (no shield)
rNeg     . . .     Faith    .   q - +0 scale mail
rPois    .         Spirit   .   c - +0 hat
rElec    .         Reflect  .   (no cloak)
rCorr    .         Harm     .   b - +2 pair of gloves
MR       .....                  (no boots)
Stlth    ..........             j - amulet of magic regeneration
HPRegen  0.21/turn              (no ring)
MPRegen  0.35/turn              (no ring)

@: no status effects
A: retaliatory headbutt, horns 2
a: no special abilities


You were on level 6 of the Dungeon.
You were not hungry.

You visited 2 branches of the dungeon, and saw 8 of its levels.

You collected 230 gold pieces.

Inventory:

Hand Weapons
 a - a +1 war axe
 n - a +1 hand axe of chopping
 p - a cursed -2 short sword (weapon)
Missiles
 d - 2 throwing nets (quivered)
Armour
 b - a +2 pair of gloves (worn)
 c - a +0 hat (worn)
 q - a +0 scale mail (worn)
Jewellery
 j - an amulet of magic regeneration (around neck)
Scrolls
 e - 2 scrolls of amnesia
 g - 5 scrolls of teleportation
 i - a scroll of remove curse {unknown}
 o - 2 scrolls of enchant weapon
Comestibles
 f - 11 rations
 h - 4 chunks of flesh


   Skills:
 + Level 6.2 Fighting
 + Level 8.8 Axes
 - Level 2.2 Throwing
 + Level 5.5 Armour
 + Level 6.1 Dodging


You had 7 spell levels left.
You didn't know any spells.
Your spell library was empty.

Dungeon Overview and Level Annotations

Branches:
Dungeon (7/15)             Temple (1/1) D:4

Altars:
Ashenzari
Dithmenos
Elyvilon
Fedhas
Gozag
Hepliaklqana
Kikubaaqudgha
Makhleb
Nemelex Xobeh
Okawaru
Ru
Sif Muna
Trog
Uskayaw
Wu Jian
Xom
Yredelemnul
The Shining One


Innate Abilities, Weirdness & Mutations

You reflexively headbutt those who attack you in melee.
You have a pair of horns on your head.


Message History

The orc wizard points at you and mumbles some strange words.
The magic dart hits you but does no damage.
The orc hits you with a +0 club.
* * * LOW HITPOINT WARNING * * *
The orc wizard miscasts a cantrip.
You hit the orc wizard.
The orc wizard is heavily wounded.
A hound comes into view.
The orc wizard hits you but does no damage.
The orc hits you but does no damage.
The orc wizard hits you but does no damage.
The hound moves out of view.
You hit the orc wizard. Your headbutt misses the orc wizard.
The orc wizard is severely wounded.
The orc hits you but does no damage. The orc wizard barely misses you.
You hit the orc wizard.
The orc wizard is almost dead.
The orc wizard hits you but does no damage.
The orc hits you with a +0 club.
You die...

#.......# #....c..#
#>......# #..# #?......#
#.###c#.##.......#
#..####.##o...o..#
+...###.##c#####.#
#....##..#o# #
a#.....#..#@#
###+####....#..o.#
#.....###...'.##.#####.
##.....###..#..........#
###.....###.#..####.....
.###.....####..# ##.#
.a###.....###.##
#######+####..#
..............# ...#


You could see a centaur, an orc wizard and 2 orcs.

Vanquished Creatures
  Sigmund (D:2)
  A black bear (D:4)
  A phantom (D:6)
  An ogre (D:5)
  2 centaurs (D:5)
  A bullfrog (D:7)
  Blork the orc (D:7)
  2 scorpions
  A bullfrog zombie (D:6)
  2 hounds (D:5)
  A quasit (D:6)
  A gnoll shaman (D:7)
  2 orc priests (D:3)
  2 jellies
  3 iguanas
  2 hound skeletons
  Robin (D:3)
  8 gnolls
  9 adders
  A shadow imp (D:7)
  2 oozes
  2 adder zombies
  3 worms
  A dart slug (D:3)
  A leopard gecko (D:6)
  9 orcs
  2 ball pythons
  10 bats
  3 giant cockroaches
  15 goblins
  18 hobgoblins
  6 jackals
  8 kobolds
  3 quokkas
  5 frilled lizards
  A quokka skeleton (D:7)
  12 rats
144 creatures vanquished.

Notes
Turn   | Place    | Note
-------+----------+-------------------------------------------
     0 | D:1      | Borgoz the Minotaur Gladiator began the quest for the Orb.
     0 | D:1      | Reached XP level 1. HP: 18/18 MP: 0/0
    94 | D:1      | Reached XP level 2. HP: 21/25 MP: 1/1
   115 | D:1      | Reached skill level 4 in Axes
   265 | D:1      | Reached XP level 3. HP: 24/30 MP: 2/2
   568 | D:2      | Reached skill level 1 in Armour
   689 | D:2      | Noticed Sigmund
   701 | D:2      | Killed Sigmund
   701 | D:2      | Reached skill level 5 in Axes
   701 | D:2      | Reached XP level 4. HP: 29/40 MP: 3/3
   701 | D:2      | Reached XP level 5. HP: 33/46 MP: 4/4
  1514 | D:3      | Noticed Robin
  1545 | D:3      | Killed Robin
  1886 | D:2      | Reached XP level 6. HP: 24/52 MP: 5/5
  2159 | D:3      | Reached skill level 6 in Axes
  2672 | D:4      | Found a staircase to the Ecumenical Temple.
  2690 | Temple   | Entered the Ecumenical Temple
  2935 | D:4      | Found an ornate altar of the Wu Jian Council.
  3229 | D:4      | Reached XP level 7. HP: 45/60 MP: 6/6
  3311 | D:5      | Entered Level 5 of the Dungeon
  3318 | D:5      | Reached skill level 7 in Axes
  3366 | D:5      | Reached skill level 5 in Dodging
  3416 | D:5      | HP: 1/60 [acid (9)]
  3713 | D:5      | Reached skill level 5 in Fighting
  4140 | D:5      | Reached skill level 8 in Axes
  4140 | D:5      | Reached XP level 8. HP: 9/68 MP: 7/7
  4422 | D:5      | Identified a scroll of acquirement
  4478 | D:5      | Found an ancient bone altar of Kikubaaqudgha.
  4668 | D:5      | Found a hazy altar of Hepliaklqana.
  4819 | D:6      | Reached skill level 5 in Armour
  4997 | D:6      | Noticed Blork the orc
  5009 | D:7      | Killed Blork the orc
  5087 | D:7      | Identified the +8 dagger "Roxiurel" {elec, Fragile rN++
                  | SInv}
  5104 | D:7      | HP: 2/70 [gnoll/the +8 dagger "Roxiurel" {elec, Fragile
                  | rN++ SInv} (18)]
  5117 | D:7      | Found a shattered altar of Ashenzari.
  5132 | D:7      | Found a white marble altar of Elyvilon.
  5135 | D:7      | Noticed a hippogriff
  5200 | D:6      | HP: 3/70 [orc/+0 club (2)]
  5203 | D:6      | Slain by an orc

Skill      XL: |  1  2  3  4  5  6  7  8 |
---------------+-------------------------+-----
Axes           | 4 5 6 8 |  8.8
Fighting       | 3 4 5 6 |  6.2
Armour         | 2 3 4 5 |  5.5
Dodging        | 4 5 6 |  6.1
Throwing       | |  2.2

Action                   |  1- 3 |  4- 6 |  7- 9 || total
-------------------------+-------+-------+-------++-------
Melee: War axe           |    67 |    17 |       ||    84
       Headbutt          |    14 |    43 |    44 ||   101
       Short sword       |       |   160 |   203 ||   363
Throw: Throwing net      |       |     2 |     8 ||    10
  Use: Potion            |     1 |     2 |     5 ||     8
       Scroll            |       |     6 |     5 ||    11
  Eat: Chunk             |       |     7 |     7 ||    14
Armor: Leather armour    |    12 |     2 |       ||    14
       Ring mail         |       |    64 |       ||    64
       Scale mail        |       |     9 |   124 ||   133
Dodge: Dodged            |    48 |   149 |   191 ||   388
